 Dungeon Crawl Stone Soup version 0.18-a0-24-g6e14259 (webtiles) character file.

32 SlimeFever the Gusty (level 3, -1/26 HPs)
             Began as a Draconian Air Elementalist on Nov 3, 2015.
             Killed from afar by Robin (5 damage)
             ... with a wand of frost
             ... on level 2 of the Dungeon.
             The game lasted 00:10:23 (993 turns).

SlimeFever the Gusty (Draconian Air Elementalist)    Turns: 993, Time: 00:10:23

Health: -1/26      AC:  5    Str: 10    XL:     3   Next: 8%
Magic:  4/6        EV: 12    Int: 15    God:
Gold:   81         SH:  0    Dex: 12    Spells: 2 memorised, 3 levels left

rFire  . . .     SeeInvis .     e - +0 hand axe
rCold  . . .     Clarity  .     (armour unavailable)
rNeg   . . .     SustAt   .     (no shield)
rPois  .         Gourm    .     (helmet restricted)
rElec  .         Spirit   .     (no cloak)
rCorr  .         Warding  .     (no gloves)
rMut   .         Stasis   .     (no boots)
MR     .....                    (no amulet)
Stlth  ++........               (no ring)
                                (no ring)

@: very slightly contaminated, not resistant to hostile enchantments, unstealthy
A: unfitting armour, cold-blooded, AC +5
a: no special abilities


You were on level 2 of the Dungeon.
You were hungry.

You visited 1 branch of the dungeon, and saw 2 of its levels.

You collected 81 gold pieces.

Inventory:

Hand Weapons
 e - a +0 hand axe (weapon)
Missiles
 c - 18 arrows
Scrolls
 d - a scroll of identify
Potions
 g - a potion of curing
Books
 a - a book of Air

   Spells                             Type                      Level
   a - Shock                          Conjuration/Air              1
   b - Swiftness                      Charms/Air                   2
   c - Repel Missiles                 Charms/Air                   2
   d - Static Discharge               Conjuration/Air              3
   e - Lightning Bolt                 Conjuration/Air              5
Comestibles
 b - a bread ration
 f - a beef jerky
 i - a royal jelly


   Skills:
 + Level 0.2 Axes
 + Level 2.2 Dodging
 + Level 2.0 Stealth
 + Level 2.1 Spellcasting
 + Level 1.2 Conjurations
 * Level 3.5 Air Magic


You had 3 spell levels left.
You knew the following spells:

 Your Spells              Type           Power        Failure   Level  Hunger
a - Shock                 Conj/Air       #...         12%         1    #......
b - Swiftness             Chrm/Air       #.......     17%         2    ###....


Dungeon Overview and Level Annotations

Branches:
Dungeon (2/15)

Altars:

Annotations:
D:2 Robin


Innate Abilities, Weirdness & Mutations

Your plain brown scales are hard (AC +5).
Your body does not fit into most forms of armour.
You are cold-blooded and may be slowed by cold attacks.


Message History

It was a potion of magic.
Magic courses through your body.
Robin zaps a wand.
The puff of frost misses you.
The puff of frost hits the hobgoblin.
The hobgoblin dies!
Casting: Shock
Confirm with . or Enter, or press ? or * to list all spells.
Aiming: Shock
Press: ? - help, Shift-Dir - straight line, f/p - Robin
Aim: Robin, wielding a club, wearing an animal skin, wearing a helmet and carrying a wand of frost {zapped: 9} (severely wounded) That beam is likely to hit you.
Continue anyway?
Okay, then.
Casting: Shock
Confirm with . or Enter, or press ? or * to list all spells.
You miscast Swiftness.
You are very lightly contaminated with residual magic.
Your skin glows momentarily.
Robin hits you with a club.
* * * LOW HITPOINT WARNING * * *
You hit Robin.
Your tail-slap misses Robin.
Robin is almost dead.
Robin zaps a wand.
The puff of frost hits you!
You die...

### #.. #
#.###.# #.)@g)#
. #.##### ...
#)#
#...######.#
...........#
..##.....#
#.#####
#.########
######.##.....#


You could see Robin.

Vanquished Creatures
  A ball python (D:1)
  7 bats (D:1)
  A giant cockroach (D:1)
  3 goblins
  6 hobgoblins
  2 giant newts
  5 kobolds
  4 rats (D:1)
29 creatures vanquished.

Vanquished Creatures (others)
  A hobgoblin (D:2)
  A goblin (D:2)
2 creatures vanquished.

Grand Total: 31 creatures vanquished

Notes
Turn   | Place    | Note
--------------------------------------------------------------
     0 | D:1      | SlimeFever the Draconian Air Elementalist began the quest for the Orb.
     0 | D:1      | Reached XP level 1. HP: 14/14 MP: 3/3
   227 | D:1      | Reached XP level 2. HP: 17/20 MP: 5/5
   345 | D:1      | Learned a level 2 spell: Swiftness
   979 | D:2      | Reached XP level 3. HP: 20/26 MP: 3/6
   982 | D:2      | Noticed Robin
   993 | D:2      | Killed from afar by Robin

Vault maps used:
D:1:      dpeg_arrival_leaves_temple_mockup, minmay_misc_feat_doors,
          hangedman_decor_growths, minmay_hedge_maze
D:2:      old_standard_altar, ashenzari_conservatory_becter, first_bread,
          serial_bayou_ford_a, nemelex_dance_club_becter, uniq_robin,
          uniq_terence

Action                   || total
-------------------------++-------
Melee: Unarmed           ||    15
       Hand axe          ||    35
 Cast: Shock             ||    32
  Use: Scroll            ||     5
       Potion            ||     3
 Stab: Sleeping          ||     3
